AoeStats
← MCWest

Arabia

509545689Analyzed
1v1 RM · 7d ago on Sep 27, 2026· 24m 39s· 2 players
Game mode
Random Map
Map size
Tiny (2 player)
Population
200
Speed
Normal
Resources
Standard
Victory
Conquest
Starting age
Dark Age
Ending age
Imperial Age
RankedLock teamsTeams togetherTeam positionsShared explorationLock speedFull tech treeHidden civsTurbo modeCheats
Victory
Defeat
🇷🇺 Italians · Russia
1471
+17
🇦🇺 Berbers · Australia
1483
-17
[BLKN] Mihael
7:01 Loom
9:22 Feudal Age
10:08 Double-Bit Axe
13:49 Fletching
21:12 Castle Age
19:52 Gold Mining
22:11 Bow Saw
21:25 Crossbowman
22:08 Bodkin Arrow
23:40 Padded Archer Armor
24:39 Ballistics
MCWest
6:27 Loom
9:54 Feudal Age
10:31 Double-Bit Axe
17:03 Fletching
18:45 Horse Collar
19:56 Padded Archer Armor
21:01 Wheelbarrow
23:54 Castle Age
22:18 Gold Mining
23:01 Bloodlines
23:48 Scale Barding Armor
24:34 Bodkin Arrow
Connection lost

Rejoining the realm…

Still unreachable

The connection could not be restored.

Session expired

The server has moved on; the page needs a fresh start.